 Dungeon Crawl Stone Soup version 0.20.1-1-g8b1a95d (webtiles) character file.

15657 Lovchig the Cleaver (level 12, -7/109 HPs)
             Began as a Deep Dwarf Fighter on Nov 5, 2017.
             Was an Elder of Uskayaw.
             Mangled by a skeletal warrior
             ... wielding a +0 dire flail
             ... led by a skeletal warrior
              (11 damage)
             ... on level 11 of the Dungeon.
             The game lasted 00:36:44 (8051 turns).

Lovchig the Cleaver (Deep Dwarf Fighter)            Turns: 8051, Time: 00:36:45

Health: -7/109     AC: 19    Str: 28 (30) XL:     12   Next: 3%
Magic:  0/0        EV: 11    Int:  7 (10) God:    Uskayaw [****..]
Gold:   545        SH: 13    Dex: 14 (16) Spells: 11/11 levels left

rFire    + . .     SeeInvis .   a - +1 broad axe (chop)
rCold    + + +     Gourm    .   c - +0 shield
rNeg     . . .     Faith    .   F - +1 plate armour "Xisaok" {*Slow rF+ rC+++ rCorr}
rPois    .         Spirit   .   (helmet restricted)
rElec    .         Reflect  .   J - +0 cloak
rCorr    +         Harm     .   (no gloves)
MR       +....                  s - +2 pair of boots
Stlth    ..........             z - amulet of magic regeneration
Regen    0.0/turn               j - +3 ring of strength
MPRegen  0.1/turn               N - +4 ring of dexterity

@: mighty, non-regenerating
A: damage resistance, heal wounds, antennae 1, sense surroundings 2, weak 1, no
regeneration
a: Heal Wounds, Stomp, Line Pass, Renounce Religion


You were on level 11 of the Dungeon.
You worshipped Uskayaw.
Uskayaw was noncommittal.
You were hungry.

You visited 2 branches of the dungeon, and saw 12 of its levels.

You collected 668 gold pieces.
You spent 123 gold pieces at shops.

Inventory:

Hand Weapons
 a - a +1 broad axe of chopping (weapon)
 M - a +0 hand axe of flaming
Armour
 c - a +0 shield (worn)
 s - a +2 pair of boots (worn)
 F - the +1 plate armour "Xisaok" (worn) {*Slow rF+ rC+++ rCorr}
   (You found it on level 6 of the Dungeon)

   It protects you from fire.
   It renders you almost immune to cold.
   It protects you from acid and corrosion.
   It may slow you when you take damage.
 J - a +0 cloak (worn)
Jewellery
 j - a +3 ring of strength (left hand)
 u - an uncursed ring of protection from cold
 y - an uncursed ring of see invisible
 z - an amulet of magic regeneration (around neck)
 N - a +4 ring of dexterity (right hand)
Wands
 b - a wand of iceblast (7/15)
 h - a wand of lightning (6/15)
 l - a wand of digging (5/24)
 v - a wand of iceblast (5/15)
 E - a wand of digging (12/24)
 H - a wand of enslavement (20/24)
 Q - a wand of paralysis (15/24)
 S - a wand of digging (13/24)
Scrolls
 e - 6 scrolls of magic mapping
 p - a scroll of remove curse
 t - a scroll of teleportation
 w - 3 scrolls of recharging
 D - a scroll of blinking
 K - 2 scrolls of fear
 P - a scroll of amnesia
 R - a scroll of identify
Potions
 d - a potion of might
 k - 2 potions of resistance
 n - a potion of invisibility
 o - 2 potions of lignification
 r - 3 potions of haste
 A - a potion of flight {unknown}
 C - 2 potions of heal wounds
 O - a potion of agility
Miscellaneous
 m - a fan of gales
 x - a sack of spiders
 L - a lamp of fire
Comestibles
 f - 7 bread rations
 g - 10 royal jellies
 i - 3 meat rations
 q - 25 fruits


   Skills:
 * Level 7.3 Fighting
 * Level 13.4 Axes
 * Level 8.9 Armour
 * Level 7.5 Dodging
 * Level 10.0 Shields


You had 11 spell levels left.
You didn't know any spells.

Dungeon Overview and Level Annotations

Branches:
Dungeon (11/15)            Temple (1/1) D:4            Lair (0/6) D:9
    Orc (0/2) D:9

Altars:
Ashenzari
Cheibriados
Dithmenos
Elyvilon
Fedhas
Gozag
Hepliaklqana
Kikubaaqudgha
Makhleb
Nemelex Xobeh
Okawaru
Qazlal
Ru
Sif Muna
Trog
Uskayaw
Vehumet
Xom
Yredelemnul
Zin
The Shining One
Beogh

Shops:
D:6 *

Annotations:
D:8 1 runed door


Innate Abilities, Weirdness & Mutations

You are resistant to damage.
You can heal yourself by infusing magical energy.
You passively map the area around you.
You do not regenerate.
You have a pair of small antennae on your head.
You are weak. (Str -2)


Message History

Your base attributes are Str 23, Int 9, Dex 12.
Increase (S)trength, (I)ntelligence, or (D)exterity?
You feel stronger.
You feel clever.
The skeletal warrior is no longer sharing its pain.
You closely miss the skeletal warrior.
The skeletal warrior is lightly damaged.
The skeletal warrior hits you with a dire flail!
* * * LOW HITPOINT WARNING * * *
Your magical essence is drained by the effort!
You feel much better.
The skeletal warrior hits you with a dire flail!
* * * LOW HITPOINT WARNING * * *
You don't have enough innate magic capacity.
You closely miss the skeletal warrior.
The skeletal warrior is lightly damaged.
You block the skeletal warrior's attack.
You slice the skeletal warrior!!
The skeletal warrior is severely damaged.
The skeletal warrior hits you with a dire flail!
You die...

, * , *,* * ############
*
########.........)####.#
.......'........@z'...>#
....####.....(....######,
....# #..........#* *
....# #..........# , , *
....# #..........# *
....# #..........#* .
....# #..........# .. ,
....# #######'#####... ,
....#########..........


You could see a skeletal warrior.

Vanquished Creatures
  Josephine (D:11)
  A hydra (D:10)
  3 two-headed ogres
  Urug (D:10)
  2 skeletal warriors (D:11)
  A cyclops (D:8)
  Joseph (D:8)
  3 trolls
  A hornet (D:8)
  2 dream sheep (D:10)
  Sigmund (D:3)
  7 yaks (D:10)
  A vampire (D:6)
  5 wraiths (D:11)
  2 basilisks (D:11)
  2 hungry ghosts (D:6)
  Menkaure (D:6)
  Edmund (D:6)
  3 water moccasins
  8 orc warriors
  An ice beast (D:11)
  A black bear (D:7)
  A sky beast (D:5)
  8 ogres
  A centaur (D:9)
  The ghost of Folque the Magician, an amateur OpWz (D:3)
  4 big kobolds
  A gnoll sergeant (D:5)
  9 bullfrogs
  A wyvern skeleton (D:9)
  A scorpion (D:10)
  7 killer bees
  13 wights
  3 electric eels (D:10)
  6 howler monkeys
  A bullfrog zombie (D:5)
  4 crimson imps
  2 quasits
  A bullfrog skeleton (D:7)
  3 jellies
  A hound (D:7)
  6 orc wizards
  A gnoll shaman (D:8)
  4 orc priests
  Jessica (D:2)
  Terence (D:2)
  2 iguanas
  11 worker ants
  Natasha (twice) (D:3)
  A hound zombie (D:7)
  A howler monkey zombie (D:11)
  A worker ant zombie (D:8)
  7 gnolls
  12 adders
  6 shadow imps
  An ooze (D:2)
  An adder zombie (D:9)
  4 adder skeletons
  4 worms (D:2)
  3 dart slugs
  11 leopard geckos
  39 orcs
  9 bats
  4 giant cockroaches
  4 goblins
  7 hobgoblins
  8 jackals
  3 quokkas
  A ball python (D:2)
  8 frilled lizards
  A jackal zombie (D:6)
  11 kobolds
  A leopard gecko skeleton (D:4)
  7 rats
300 creatures vanquished.

Notes
Turn   | Place    | Note
-------+----------+-------------------------------------------
     0 | D:1      | Lovchig the Deep Dwarf Fighter began the quest for the Orb.
     0 | D:1      | Reached XP level 1. HP: 20/20 MP: 1/1
    97 | D:1      | Reached XP level 2. HP: 24/27 MP: 2/2
   351 | D:1      | Reached XP level 3. HP: 23/33 MP: 3/3
   666 | D:2      | Reached skill level 3 in Axes
   723 | D:2      | Reached skill level 1 in Dodging
   756 | D:2      | Noticed Terence
   762 | D:2      | Killed Terence
   762 | D:2      | Reached XP level 4. HP: 32/40 MP: 3/3
   874 | D:2      | Found a shimmering altar of Xom.
   874 | D:2      | Found a shimmering altar of Xom.
   874 | D:2      | Found a shimmering altar of Xom.
   883 | D:2      | Found a shimmering altar of Xom.
  1139 | D:2      | Noticed Jessica
  1151 | D:2      | Killed Jessica
  1151 | D:2      | Reached skill level 4 in Axes
  1527 | D:3      | Noticed Sigmund
  1542 | D:3      | Killed Sigmund
  1542 | D:3      | Reached skill level 5 in Axes
  1542 | D:3      | Reached XP level 5. HP: 32/49 MP: 3/3
  1542 | D:3      | Reached XP level 6. HP: 36/56 MP: 4/4
  1746 | D:3      | Noticed Folque's ghost (amateur OpWz)
  1775 | D:3      | Killed Folque's ghost
  1844 | D:3      | Noticed Natasha
  1853 | D:3      | Killed Natasha
  1931 | D:3      | Found a bloodstained altar of Trog.
  2158 | D:3      | Gained mutation: You possess an exceptional clarity of mind. [potion of mutation]
  2158 | D:3      | Gained mutation: Your body sometimes deteriorates upon taking damage. [potion of mutation]
  2158 | D:3      | Gained mutation: Your body often deteriorates upon taking damage. [potion of mutation]
  2158 | D:3      | Gained mutation: You have a pair of small horns on your head. [potion of mutation]
  2172 | D:3      | Noticed Natasha
  2178 | D:3      | Killed Natasha
  2258 | D:4      | Reached XP level 7. HP: 45/62 MP: 5/5
  2293 | D:4      | Reached skill level 6 in Axes
  2414 | D:4      | Found a glowing silver altar of Zin.
  2587 | D:4      | Found a staircase to the Ecumenical Temple.
  3006 | Temple   | Entered the Ecumenical Temple
  3182 | Temple   | Became a worshipper of Uskayaw the Reveler
  3471 | D:4      | Reached * piety under Uskayaw
  3476 | D:4      | Reached ** piety under Uskayaw
  3480 | D:4      | Reached *** piety under Uskayaw
  3542 | D:5      | Entered Level 5 of the Dungeon
  3656 | D:5      | Reached skill level 5 in Shields
  3716 | D:5      | Reached skill level 7 in Axes
  3720 | D:5      | Reached **** piety under Uskayaw
  3769 | D:5      | Lost mutation: You have a pair of small horns on your head. [potion of mutation]
  3769 | D:5      | Lost mutation: You possess an exceptional clarity of mind. [potion of mutation]
  3769 | D:5      | Lost mutation: Your body often deteriorates upon taking damage. [potion of mutation]
  3769 | D:5      | Gained mutation: You are frail. (-10% HP) [potion of mutation]
  3769 | D:5      | Gained mutation: Your muscles are strong. (Str +2) [potion of mutation]
  3769 | D:5      | Gained mutation: You can translocate small distances at will. [potion of mutation]
  3853 | D:5      | Reached XP level 8. HP: 28/64 MP: 6/6
  4115 | D:6      | Found Doathit's General Store.
  4121 | D:6      | Bought a scroll of identify for 26 gold pieces
  4121 | D:6      | Bought a scroll of enchant armour for 97 gold pieces
  4205 | D:6      | Reached skill level 5 in Armour
  4233 | D:6      | Reached ***** piety under Uskayaw
  4331 | D:6      | Found a transporter.
  4470 | D:6      | Found a basalt altar of Yredelemnul.
  4472 | D:6      | Found a transporter.
  4482 | D:6      | Noticed Edmund
  4501 | D:6      | Killed Edmund
  4501 | D:6      | Reached skill level 8 in Axes
  4510 | D:6      | Found an ancient bone altar of Kikubaaqudgha.
  4514 | D:6      | Noticed Menkaure
  4798 | D:6      | HP: 2/65 [vampire (8)]
  4814 | D:6      | Gained mutation: You passively map the area around you. [Deep Dwarf growth]
  4814 | D:6      | Reached XP level 9. HP: 35/71 MP: 2/6
  4814 | D:6      | Killed Menkaure
  4814 | D:6      | Reached skill level 9 in Axes
  4860 | D:6      | Got a steaming plate armour
  4871 | D:6      | Identified the cursed +1 plate armour "Xisaok" {*Slow rF+ rC+++ rCorr} (You found it on level 6 of the Dungeon)
  4943 | D:7      | Found a snail-covered altar of Cheibriados.
  4996 | D:7      | Reached skill level 5 in Fighting
  5143 | D:7      | Reached skill level 5 in Dodging
  5362 | D:8      | Noticed a two-headed ogre
  5372 | D:8      | Killed a two-headed ogre
  5372 | D:8      | Reached skill level 10 in Axes
  5397 | D:8      | Reached XP level 10. HP: 42/79 MP: 6/6
  5401 | D:8      | Noticed Joseph
  5419 | D:8      | Killed Joseph
  5554 | D:8      | Found a runed door.
  5900 | D:8      | Found a runed door.
  6082 | D:8      | Noticed a cyclops
  6099 | D:8      | Killed a cyclops
  6099 | D:8      | Reached skill level 11 in Axes
  6115 | D:8      | Noticed a two-headed ogre
  6158 | D:8      | Killed a two-headed ogre
  6382 | D:9      | Found a glowing golden altar of the Shining One.
  6447 | D:9      | Found a staircase to the Lair.
  6561 | D:9      | Found a roughly hewn altar of Beogh.
  6561 | D:9      | Found a staircase to the Orcish Mines.
  6592 | D:9      | Reached XP level 11. HP: 54/89 MP: 4/4
  6593 | D:9      | Reached ****** piety under Uskayaw
  6744 | D:10     | Entered Level 10 of the Dungeon
  6842 | D:10     | Reached skill level 12 in Axes
  6867 | D:10     | Noticed a two-headed hydra
  6873 | D:10     | Killed a one-headed hydra
  6944 | D:10     | Noticed a two-headed ogre
  6961 | D:10     | Killed a two-headed ogre
  6976 | D:10     | Lost mutation: You can translocate small distances at will. [potion of mutation]
  6976 | D:10     | Lost mutation: Your muscles are strong. (Str +2) [potion of mutation]
  6976 | D:10     | Lost mutation: You are frail. (-10% HP) [potion of mutation]
  6976 | D:10     | Lost mutation: Your body sometimes deteriorates upon taking damage. [potion of mutation]
  6976 | D:10     | Gained mutation: You are weak. (Str -2) [potion of mutation]
  6976 | D:10     | Gained mutation: You have a pair of small antennae on your head. [potion of mutation]
  7060 | D:10     | Noticed Urug
  7122 | D:10     | Killed Urug
  7739 | D:11     | Noticed Josephine
  7749 | D:11     | Killed Josephine
  7749 | D:11     | Reached skill level 13 in Axes
  8035 | D:11     | Noticed a skeletal warrior
  8036 | D:11     | Noticed a skeletal warrior
  8043 | D:11     | Noticed a skeletal warrior
  8045 | D:11     | Killed a skeletal warrior
  8047 | D:11     | Killed a skeletal warrior
  8047 | D:11     | Reached skill level 10 in Shields
  8047 | D:11     | Reached XP level 12. HP: 9/109 MP: 1/1
  8048 | D:11     | HP: 3/109 [skeletal warrior/dire flail[a skeletal warrior] (6)]
  8051 | D:11     | Mangled by a skeletal warrior

Skill      XL: |  1  2  3  4  5  6  7  8  9 10 11 |
---------------+----------------------------------+-----
Axes           | 3 5 7 8 10 11 13 | 13.4
Dodging        | 1 2 3 4 5 6 7 |  7.5
Shields        | 4 5 6 7 8 10 | 10.0
Fighting       | 3 4 5 6 7 |  7.3
Armour         | 4 5 6 8 |  8.9

Action                   |  1- 3 |  4- 6 |  7- 9 | 10-12 || total
-------------------------+-------+-------+-------+-------++-------
Melee: War axe           |   121 |   171 |   363 |   237 ||   892
       Headbutt          |       |     7 |    25 |       ||    32
       Broad axe         |       |       |       |   114 ||   114
       Hand axe          |       |       |       |   101 ||   101
Invok: Stomp             |       |       |     4 |     5 ||     9
 Abil: Heal Wounds       |     1 |     2 |     9 |    33 ||    45
  Use: Scroll            |       |     8 |    13 |     5 ||    26
       Potion            |       |     1 |     4 |    11 ||    16
 Stab: Paralysed         |       |       |    12 |    27 ||    39
  Eat: Chunk             |       |     5 |    12 |     9 ||    26
       Bread ration      |       |       |     4 |       ||     4
Armor: Scale mail        |    57 |    65 |     1 |       ||   123
       Chain mail        |       |       |   203 |       ||   203
       Plate armour      |       |       |    67 |   180 ||   247
Dodge: Dodged            |    47 |    58 |   171 |   142 ||   418
Block: Shield            |    91 |    86 |   262 |   263 ||   702
